 Dungeon Crawl Stone Soup version 0.22-a0-246-gdc04c06 (webtiles) character file.

104 MatthieuS the Skirmisher (level 5, -3/42 HPs)
             Began as a Human Wanderer on Feb 22, 2018.
             Slain by an iguana (9 damage)
             ... on level 3 of the Dungeon.
             The game lasted 00:06:40 (2366 turns).

MatthieuS the Skirmisher (Human Wanderer)           Turns: 2366, Time: 00:06:40

Health: -3/42      AC:  6    Str: 12 (15) XL:     5   Next: 7%
Magic:  5/5        EV: 10    Int:  8 (10) God:
Gold:   163        SH:  0    Dex: 10 (13) Spells: 4/4 levels left

rFire    . . .     SeeInvis .   a - +2 dagger
rCold    . . .     Gourm    .   (no shield)
rNeg     . . .     Faith    .   d - +0 ring mail
rPois    .         Spirit   .   (no helmet)
rElec    .         Reflect  .   (no cloak)
rCorr    .         Harm     .   g - +0 pair of gloves
MR       .....                  (no boots)
Stlth    +.........             n - amulet of the acrobat
HPRegen  0.14/turn              (no ring)
MPRegen  0.09/turn              (no ring)

@: no status effects
A: no striking features
a: no special abilities


You were on level 3 of the Dungeon.
You were not hungry.

You visited 1 branch of the dungeon, and saw 4 of its levels.

You collected 163 gold pieces.

Inventory:

Hand Weapons
 a - a +2 dagger (weapon)
 c - a +0 mace
 w - a cursed -3 blowgun
Missiles
 i - 95 arrows
 p - 41 poisoned needles
Armour
 d - a +0 ring mail (worn)
 g - a +0 pair of gloves (worn)
Jewellery
 l - an uncursed ring of magical power
 n - an amulet of the acrobat (around neck)
Scrolls
 b - 2 scrolls of blinking
 e - a scroll of fear
 h - 2 scrolls of enchant armour
 o - a scroll of amnesia
 q - a scroll of fog
 r - 2 scrolls of remove curse {unknown}
 s - a scroll of identify
 t - a scroll of enchant weapon {unknown}
 u - a scroll of noise {unknown}
Comestibles
 f - 6 rations


   Skills:
 + Level 4.1 Fighting
   Level 1.0(1.2) Axes
   Level 1.0(1.2) Polearms
 - Level 1.0 Throwing
 + Level 3.5 Armour
 + Level 1.1 Dodging
 - Level 2.0 Stealth


You had 4 spell levels left.
You didn't know any spells.

Dungeon Overview and Level Annotations

Branches:
Dungeon (4/15)
 Temple: D:4-7

Altars:
Cheibriados
Qazlal
Uskayaw

Annotations:
D:3 Violenta's ghost, amateur HOFi


Message History

You hit the iguana but do no damage.
The iguana is heavily wounded.
The iguana closely misses you.
You hit the iguana but do no damage.
The iguana is heavily wounded.
The iguana bites you but does no damage.
You feel better.
The iguana bites you but does no damage.
You barely miss the iguana.
The iguana is heavily wounded.
The iguana bites you.
* * * LOW HITPOINT WARNING * * *
You barely miss the iguana.
The iguana is heavily wounded.
The iguana bites you.
* * * LOW HITPOINT WARNING * * *
You hit the iguana but do no damage.
The iguana is heavily wounded.
The iguana bites you!
You die...

#.##...#..#
#.####.##.###
#.# #.##...##
#.#
#..###..##
#.# ##.#
##..# #.#
#.#####.# #.#
#...###.# #.#
###..##.# #.#
##.@..###
######.###
###l...#
.).......###
###..#
#..........#
##.#
#..........#
###
#..........#
#..........#
#..........#
#..........#


You could see an iguana.

Vanquished Creatures
  3 adders
  2 oozes (D:1)
  A worm (D:2)
  2 dart slugs
  2 leopard geckos (D:2)
  4 orcs (D:3)
  3 ball pythons
  6 giant cockroaches
  5 goblins
  4 hobgoblins
  A quokka (D:3)
  8 bats
  3 frilled lizards (D:1)
  6 kobolds
  4 rats
54 creatures vanquished.

Notes
Turn   | Place    | Note
-------+----------+-------------------------------------------
     0 | D:1      | MatthieuS the Human Wanderer began the quest for the Orb.
     0 | D:1      | MatthieuS set off with: a +2 dagger, a scroll of blinking, a +0 mace, a +0 ring mail, a ration
     0 | D:1      | Reached XP level 1. HP: 18/18 MP: 1/1
   129 | D:1      | Reached XP level 2. HP: 6/24 MP: 2/2
   639 | D:1      | Reached XP level 3. HP: 25/29 MP: 3/3
  1444 | D:2      | Reached XP level 4. HP: 37/37 MP: 4/4
  1596 | D:2      | Reached skill level 4 in Fighting
  1826 | D:3      | Reached skill level 1 in Dodging
  1945 | D:3      | Reached XP level 5. HP: 36/42 MP: 5/5
  2063 | D:3      | Found a stormy altar of Qazlal.
  2063 | D:3      | Found a hide-covered altar of Uskayaw.
  2186 | D:3      | Noticed Violenta's ghost (amateur HOFi)
  2307 | D:4      | Found a snail-covered altar of Cheibriados.
  2366 | D:3      | Slain by an iguana

Vault maps used:
D:1:      dpeg_arrival_concentric_ovals
D:3:      gammafunk_temple_overflow_elements, minmay_ogre_servants
D:4:      overflow_temple_1_default, overflow_temple_1_default, first_ration,
          uniq_natasha

Skill      XL: |  1  2  3  4 |
---------------+-------------+-----
Armour         | 3 |  3.5
Fighting       | 4 |  4.1
Dodging        | 1 |  1.1
Axes           | |  1.0
Polearms       | |  1.0
Throwing       | |  1.0
Stealth        | |  2.0

Action                   |  1- 3 |  4- 6 || total
-------------------------+-------+-------++-------
Melee: Dagger            |   125 |   119 ||   244
  Use: Scroll            |     4 |     2 ||     6
       Potion            |       |     5 ||     5
 Stab: Sleeping          |       |     2 ||     2
  Eat: Chunk             |     2 |     3 ||     5
Armor: Ring mail         |    70 |    35 ||   105
Dodge: Dodged            |    75 |    83 ||   158

Table legend:
 A = Spawn XP
 B = Non-spawn XP
 C = Spawn XP percentage of total XP
 D = Spawn monster count
 E = Non-spawn monster count
 F = Spawn count percentage of total count
 G = Total turns spent on level
                    A         B        C        D         E        F      G
               +---------+---------+-------+---------+---------+-------+---------
         Total |       0 |     149 |   0.0 |       0 |      54 |   0.0 |  2366
               +---------+---------+-------+---------+---------+-------+---------
           D:1 |       0 |      48 |   0.0 |       0 |      23 |   0.0 |  1170
           D:2 |       0 |      52 |   0.0 |       0 |      12 |   0.0 |   603
           D:3 |       0 |      49 |   0.0 |       0 |      19 |   0.0 |   545
               +---------+---------+-------+---------+---------+-------+---------
